 Dungeon Crawl Stone Soup version 0.20.0-8-g6b59dc7 (webtiles) character file.

1180 RKaid the Chopper (level 8, 0/52 HPs)
             Began as a Gargoyle Gladiator on June 1, 2017.
             Was an Initiate of Okawaru.
             Slain by an orc warrior
             ... wielding a +0 halberd
              (7 damage)
             ... on level 6 of the Dungeon.
             The game lasted 00:08:26 (5401 turns).

RKaid the Chopper (Gargoyle Gladiator)              Turns: 5401, Time: 00:08:26

Health: 0/52       AC: 16    Str: 20    XL:     8   Next: 42%
Magic:  0/8        EV:  6    Int:  9    God:    Okawaru [......]
Gold:   231        SH:  0    Dex: 11    Spells: 7/7 levels left

rFire    . . .     SeeInvis .   a - +0 war axe
rCold    . . .     Gourm    .   (no shield)
rNeg     + . .     Faith    .   x - +0 plate armour
rPois    ∞         Spirit   +   c - +0 helmet
rElec    +         Reflect  .   l - scarf {Spirit}
rCorr    +         Harm     .   (no gloves)
MR       +....                  (no boots)
Stlth    ..........             (no amulet)
Regen    0.2/turn               s - ring of resist corrosion
MPRegen  0.2/turn               t - ring of protection from magic {MR+}

@: no status effects
A: negative energy resistance 1, electricity resistance, unbreathing,
petrification resistance, rot immunity, AC +5
a: Renounce Religion


You were on level 6 of the Dungeon.
You worshipped Okawaru.
Okawaru was noncommittal.
You were not hungry.

You visited 2 branches of the dungeon, and saw 7 of its levels.

You collected 231 gold pieces.

Inventory:

Hand Weapons
 a - a +0 war axe (weapon)
 b - a +0 hunting sling
   (You took it off a goblin on level 3 of the Dungeon)
Missiles
 d - 4 throwing nets {=f}
 n - 17 sling bullets
Armour
 c - a +0 helmet (worn)
 l - a scarf of spirit shield (worn)
   (You found it on level 1 of the Dungeon)
 x - a +0 plate armour (worn)
   (You found it on level 3 of the Dungeon)
 y - a +0 leather armour
Jewellery
 s - a ring of resist corrosion (left hand)
   (You found it on level 2 of the Dungeon)
 t - a ring of protection from magic (right hand) {MR+}
   (You found it on level 2 of the Dungeon)
Scrolls
 e - 5 scrolls of remove curse {unknown}
 h - a scroll of random uselessness {unknown}
 i - a scroll of enchant weapon {unknown}
 j - 5 scrolls of identify {unknown}
 m - a scroll of recharging {unknown}
 q - 4 scrolls of teleportation {unknown}
 z - a scroll of fog {unknown}
 B - a scroll of blinking {unknown}
Potions
 g - a potion of brilliance {unknown}
 k - a potion of agility {unknown}
 p - a potion of invisibility {unknown}
 r - 3 potions of mutation {unknown}
 v - a potion of lignification {unknown}
 w - a potion of heal wounds {unknown}
Books
 A - a book of Minor Magic
   (You found it on level 5 of the Dungeon)
Comestibles
 f - 4 bread rations
 o - 3 meat rations
 u - 2 royal jellies


   Skills:
 + Level 6.4 Fighting
 * Level 7.8 Axes
 - Level 1.7 Throwing
 - Level 2.4 Dodging


You had 7 spell levels left.
You didn't know any spells.

Dungeon Overview and Level Annotations

Branches:
Dungeon (6/15)             Temple (1/1) D:5

Altars:
Ashenzari
Elyvilon
Gozag
Hepliaklqana
Kikubaaqudgha
Nemelex Xobeh
Okawaru
Qazlal
Ru
Sif Muna
Uskayaw
Jiyva


Innate Abilities, Weirdness & Mutations

You are resistant to torment.
Your stone body is resilient. (AC +5)
You are immune to poison.
You resist negative energy. (rN+)
You are resistant to electric shocks. (rElec)
You can survive without breathing.
You are immune to petrification.
You are immune to rotting.


Message History

The gnoll hits you but does no damage.
You slash the gnoll!
You kill the gnoll!
Okawaru accepts your kill.
Your plate armour prevents you from hitting the ice beast.
The ice beast closely misses you.
The ice beast hits you but does no damage.
The ice beast hits you. The ice beast freezes you!
There is a stone staircase leading up here.
You see here a spear.
The ice beast hits you. The ice beast freezes you.
You climb upwards.
There is a stone staircase leading down here.
You hit the ice beast.
The ice beast hits you but does no damage.
You hit the ice beast.
The ice beast hits you but does no damage.
You slash the ice beast!
You kill the ice beast!
Okawaru accepts your kill.
You start resting.
There is a stone staircase leading down here.
You can't go up here!
You climb downwards.
The gnoll hits you but does no damage. x2
There is a stone staircase leading up here.
You see here a spear.
You hit the gnoll. The gnoll hits you but does no damage.
You slash the gnoll!
You kill the gnoll!
Okawaru accepts your kill.
d - 4 throwing nets {=f} (gained 1)
You butcher the orc corpse.
m - a chunk of flesh You see here a club. x2
Found a stone staircase leading down.
Eating a chunk of flesh.
You eat the chunk of flesh.
This raw flesh tastes terrible.
Found a stone staircase leading up.
m - a scroll labeled ENUECI KUAZED
There is a stone staircase leading down here.
An orc warrior comes into view. It is wielding a halberd.
The orc warrior shouts!
An orc comes into view. It is wielding a hand axe.
The orc shouts!
An orc comes into view. It is wielding a trident.
The orc shouts!
The orc warrior hits you from afar with a halberd!
The orc warrior barely misses you.
You hit the orc warrior but do no damage.
You hit the orc. The orc hits you but does no damage.
The orc warrior hits you but does no damage.
You hit the orc but do no damage.
You hit the orc warrior but do no damage.
The orc hits you with a hand axe. The orc barely misses you.
The orc warrior barely misses you.
You hit the orc but do no damage. You closely miss the orc warrior.
The orc hits you but does no damage. x2
The orc warrior hits you with a halberd!
You slash the orc!
You kill the orc!
Okawaru accepts your kill.
You hit the orc warrior but do no damage.
The orc hits you but does no damage.
The orc warrior hits you with a halberd!
You are too injured to fight recklessly!
You are too injured to fight recklessly!
You are too injured to fight recklessly!
You are too injured to fight recklessly!
You are too injured to fight recklessly!
You are too injured to fight recklessly!
You are too injured to fight recklessly!
You are too injured to fight recklessly!
You are too injured to fight recklessly!
You are too injured to fight recklessly!
You are too injured to fight recklessly!
You are too injured to fight recklessly!
You are too injured to fight recklessly!
You are too injured to fight recklessly!
You are too injured to fight recklessly!
You are too injured to fight recklessly!
You are too injured to fight recklessly!
You hit the orc warrior but do no damage.
The orc completely misses you.
You slash the orc warrior!
The orc warrior hits you but does no damage.
The orc hits you but does no damage.
You hit the orc warrior but do no damage.
The orc warrior hits you with a halberd!
The orc barely misses you.
You slash the orc warrior! The orc closely misses you.
The orc warrior barely misses you.
You hit the orc warrior but do no damage.
The orc hits you but does no damage. The orc warrior barely misses you.
You barely miss the orc warrior. The orc completely misses you.
The orc warrior hits you with a halberd!
* * * LOW HITPOINT WARNING * * *
You hit the orc warrior but do no damage.
The orc hits you but does no damage.
The orc warrior hits you with a halberd!
You die...

... #.#...... ..##
##........ ...# ###
........ ...####...
...... .. ..........
#....# .. ).......#
#..o.##.#.. ....
.......# ##..)o......
... .....# #...@......#
... .. .....#
####.......... ... ..
.....## #.#...........
.... . ......#
##............ .....##
......## #.............
.....#.
#####..####.....#.......
....... #
##..........#........
.......
#...............#....
.#....
##................#..
#...>


You could see an orc warrior and an orc.

Vanquished Creatures
  The ghost of Kosschaser the Sneak, a novice DEEn (D:4)
  Menkaure (D:5)
  2 ice beasts (D:5)
  2 ogres (D:4)
  A scorpion (D:4)
  A centaur zombie (D:6)
  A hound (D:4)
  2 orc priests
  An iguana (D:5)
  A worker ant (D:5)
  Robin (D:3)
  4 gnolls
  11 adders
  An ooze (D:2)
  5 leopard geckos
  18 orcs
  2 ball pythons
  4 giant cockroaches
  17 goblins
  8 hobgoblins
  8 jackals
  4 bats
  A frilled lizard (D:2)
  A jackal skeleton (D:5)
  3 kobolds (D:2)
  A leopard gecko skeleton (D:4)
  8 rats
110 creatures vanquished.

Notes
Turn   | Place    | Note
-------+----------+-------------------------------------------
     0 | D:1      | RKaid the Gargoyle Gladiator began the quest for the Orb.
     0 | D:1      | Reached XP level 1. HP: 12/12 MP: 1/1
    11 | D:1      | Reached skill level 3 in Axes
   187 | D:1      | Reached XP level 2. HP: 17/18 MP: 2/2
   603 | D:2      | Reached XP level 3. HP: 22/22 MP: 3/3
   797 | D:2      | Reached skill level 3 in Fighting
  1257 | D:2      | Reached XP level 4. HP: 23/28 MP: 1/4
  1407 | D:2      | Reached skill level 4 in Axes
  1589 | D:3      | Found an opulent altar of Gozag.
  1642 | D:3      | Found a shattered altar of Ashenzari.
  1756 | D:3      | Noticed Robin
  1768 | D:3      | HP: 7/28 [hobgoblin[Robin] (5)]
  1776 | D:3      | HP: 7/28 [Robin/goblin (1)]
  1782 | D:3      | HP: 4/28 [Robin/trident (2)]
  1784 | D:3      | Killed Robin
  1784 | D:3      | Reached XP level 5. HP: 5/33 MP: 2/5
  2614 | D:4      | Noticed an ogre
  2690 | D:4      | Noticed an ogre
  2695 | D:4      | HP: 7/33 [ogre/giant spiked club (16)]
  2956 | D:4      | Noticed Kosschaser's ghost (novice DEEn)
  2987 | D:4      | Killed Kosschaser's ghost
  2987 | D:4      | Reached skill level 4 in Fighting
  2987 | D:4      | Reached skill level 5 in Axes
  2987 | D:4      | Reached XP level 6. HP: 38/39 MP: 6/6
  3033 | D:4      | Reached skill level 6 in Axes
  3033 | D:4      | Reached XP level 7. HP: 33/44 MP: 5/7
  3046 | D:4      | Reached skill level 5 in Fighting
  3283 | D:4      | Found a stormy altar of Qazlal.
  3951 | D:5      | Entered Level 5 of the Dungeon
  3991 | D:5      | Noticed a hand axe
  3991 | D:5      | Noticed a dagger
  3993 | D:5      | Found a hide-covered altar of Uskayaw.
  4060 | D:5      | Noticed Menkaure
  4073 | D:5      | Killed Menkaure
  4073 | D:5      | Reached skill level 7 in Axes
  4073 | D:5      | Reached XP level 8. HP: 21/51 MP: 3/8
  4273 | D:5      | Reached skill level 6 in Fighting
  4513 | D:5      | Found a staircase to the Ecumenical Temple.
  4550 | Temple   | Entered the Ecumenical Temple
  4581 | Temple   | Became a worshipper of Warmaster Okawaru
  5400 | D:6      | HP: 7/52 [orc warrior/halberd (11)]
  5401 | D:6      | Slain by an orc warrior

Skill      XL: |  1  2  3  4  5  6  7  8 |
---------------+-------------------------+-----
Axes           | 3 4 5 6 7 |  7.8
Fighting       | 3 4 5 6 |  6.4
Throwing       | |  1.7
Dodging        | |  2.4

Action                   |  1- 3 |  4- 6 |  7- 9 || total
-------------------------+-------+-------+-------++-------
Melee: War axe           |    91 |   129 |   151 ||   371
  Use: Potion            |       |       |     1 ||     1
  Eat: Chunk             |     1 |     5 |     9 ||    15
Armor: Leather armour    |    44 |    64 |       ||   108
       Plate armour      |       |       |   136 ||   136
Dodge: Dodged            |    75 |    85 |    67 ||   227

Table legend:
 A = Turns spent in this place as a percentage of turns spent in the entire game.
 B = Non-inter-level travel turns spent in this place as a percentage of non-inter-level travel turns spent in the entire game.
 C = Inter-level travel turns spent in this place as a percentage of turns spent in this place.
 D = Turns resting spent in this place as a percentage of non-inter-level travel turns spent in this place.
 E = Turns spent auto-exploring this place as a percentage of non-inter-level travel turns spent in this place.
 F = Non-inter-level travel turns spent in this place divided by the number of levels of this place that you've seen.
                   A       B       C       D       E      F
               +-------+-------+-------+-------+-------+----------------------
         Total | 100.0 | 100.0 |   0.8 |   2.7 |   9.9 | 186.3
       Dungeon |  97.0 |  97.0 |   0.8 |   2.8 |  10.2 | 210.8
        Temple |   3.0 |   3.0 |   0.0 |   0.0 |   0.0 |  39.0
               +-------+-------+-------+-------+-------+----------------------

Table legend:
 A = Kills in this place as a percentage of kills in entire the game.
 B = Kills by you in this place as a percentage of kills by you in the entire game.
 C = Kills by friends in this place as a percentage of kills by friends in the entire game.
 D = Other kills in this place as a percentage of other kills in the entire game.
 E = Experience gained in this place as a percentage of experience gained in the entire game.
 F = Experience gained in this place divided by the number of levels of this place that you have seen.
                   A       B       C       D       E      F
               +-------+-------+-------+-------+-------+----------------------
         Total | 100.0 | 100.0 |  -nan |  -nan | 100.0 | 240.9
       Dungeon | 100.0 | 100.0 |  -nan |  -nan | 100.0 | 281.0
               +-------+-------+-------+-------+-------+----------------------
